AoeStats
← ForzaGT87

Pilgrims

509867501Analyzed
4v4 RM · 2d ago on Sep 28, 2026· 20m 1s· 8 players
Game mode
Random Map
Map size
Large (8 player)
Population
200
Speed
Normal
Resources
Standard
Victory
Conquest
Starting age
Dark Age
Ending age
Imperial Age
RankedLock teamsTeams togetherTeam positionsShared explorationLock speedFull tech treeHidden civsTurbo modeCheats
Victory
Defeat
🇵🇱 Celts · Poland
871
+16
🇬🇧 Wei · United Kingdom
857
+16
🇺🇸 Wu · United States
856
+16
🇫🇷 Malay · France
828
+17
885
-16
🇫🇷 Japanese · France
871
-17
🇦🇷 Shu · Argentina
869
-17
🇧🇷 Magyars · Brazil
823
-15
SHEEP STEALER
10:06 Loom
12:05 Feudal Age
12:47 Double-Bit Axe
16:01 Man-at-Arms
16:27 Arson
21:57 Castle Age
Chalumnor
4:47 Loom
11:43 Feudal Age
11:45 Double-Bit Axe
11:43 Horse Collar
12:09 Fishing Lines
15:51 Wheelbarrow
20:43 Castle Age
19:26 Fletching
20:29 Stone Mining
20:30 Gold Mining
ForzaGT87
5:30 Loom
12:37 Feudal Age
13:07 Double-Bit Axe
13:07 Horse Collar
13:16 Town Watch
13:56 Arson
16:27 Gold Mining
17:06 Forging
17:38 Scale Mail Armor
17:39 Man-at-Arms
malolepszy.adrian
13:07 Feudal Age
14:31 Wheelbarrow
13:50 Double-Bit Axe
13:50 Fishing Lines
13:42 Man-at-Arms
14:41 Arson
18:20 Forging
Gudart34
4:57 Loom
12:34 Feudal Age
16:34 Castle Age
14:48 Double-Bit Axe
15:30 Bloodlines
15:33 Gold Mining
15:41 Fishing Lines
16:37 Forging
19:25 Iron Casting
terciarium
13:20 Loom
Toxic
13:27 Feudal Age
13:59 Man-at-Arms
少打游戏多学习
10:48 Loom
14:39 Feudal Age
18:35 Castle Age
16:35 Double-Bit Axe
16:56 Fishing Lines
17:49 Forging
17:51 Scale Barding Armor
17:57 Horse Collar
19:37 Bloodlines
19:28 Husbandry
20:21 Chain Barding Armor
Connection lost

Rejoining the realm…

Still unreachable

The connection could not be restored.

Session expired

The server has moved on; the page needs a fresh start.